 Dungeon Crawl Stone Soup version 0.18.1-50-g88ac8fd (webtiles) character file.

73 tevo3000 the Chopper (level 4, -5/35 HPs)
             Began as a Demonspawn Fighter on Oct 12, 2016.
             Slain by tevo3000's ghost (7 damage)
             ... on level 3 of the Dungeon.
             The game lasted 00:05:19 (1173 turns).

tevo3000 the Chopper (Demonspawn Fighter)           Turns: 1173, Time: 00:05:19

Health: -5/35      AC:  7    Str: 23    XL:     4   Next: 8%
Magic:  0/4        EV:  7    Int:  9    God:
Gold:   12         SH:  9    Dex: 12    Spells: 0 memorised, 3 levels left

rFire  . . .     SeeInvis .     a - +0 war axe
rCold  . . .     Gourm    .     b - +0 scale mail
rNeg   . . .     Faith    .     c - +0 shield
rPois  .         Spirit   +     h - +0 helmet
rElec  .         Dismiss  .     (no cloak)
rCorr  .         Reflect  .     (no gloves)
SustAt .         Harm     .     (no boots)
MR     .....                    (no amulet)
Stlth  +.........               (no ring)
                                (no ring)

@: mighty, not resistant to hostile enchantments, very unstealthy
A: nightstalker 1, magic shield
a: no special abilities


You were on level 3 of the Dungeon.
You were very hungry.

You visited 1 branch of the dungeon, and saw 3 of its levels.

You collected 12 gold pieces.

Inventory:

Hand Weapons
 a - a +0 war axe (weapon)
Armour
 b - a +0 scale mail (worn)
 c - a +0 shield (worn)
 h - a +0 helmet (worn)
Scrolls
 e - a scroll of recharging {unknown}
 g - a scroll of random uselessness {unknown}
 k - a scroll of remove curse {unknown}
 l - 5 scrolls of identify {unknown}
 p - a scroll of enchant armour {unknown}
Potions
 i - a potion of brilliance
Comestibles
 f - 2 bread rations
 m - a meat ration
 n - a slice of pizza
 o - a beef jerky


   Skills:
 - Level 3.0 Fighting
 + Level 3.9 Axes
 - Level 2.8 Armour
 - Level 2.6 Shields


You had 3 spell levels left.
You didn't know any spells.

Dungeon Overview and Level Annotations

Branches:
Dungeon (3/15)

Altars:

Annotations:
D:3 tevo3000's ghost, amateur GrFi


Innate Abilities, Weirdness & Mutations

You are slightly more attuned to the shadows.
When hurt, damage is shared between your health and your magic reserves.


Message History

Tevo3000's ghost is heavily damaged.
Tevo3000's ghost hits you!
* * * LOW HITPOINT WARNING * * *
Tevo3000's ghost closely misses you.
You hit tevo3000's ghost but do no damage.
Tevo3000's ghost is heavily damaged.
Tevo3000's ghost hits you but does no damage.
You barely miss tevo3000's ghost.
Tevo3000's ghost is heavily damaged.
Tevo3000's ghost hits you.
* * * LOW HITPOINT WARNING * * *
Tevo3000's ghost barely misses you.
You barely miss tevo3000's ghost.
Tevo3000's ghost is heavily damaged.
Tevo3000's ghost hits you.
* * * LOW HITPOINT WARNING * * *
You barely miss tevo3000's ghost.
Tevo3000's ghost is heavily damaged.
You block tevo3000's ghost's attack. Tevo3000's ghost hits you!
You die...

...............
...............
...............
......<........
.............#.
.#...!.........
####.#..#..##.
#.#.## ....
#.#@# #.. #.#W#
. .K# #..# ....
#.##. .. .


You could see tevo3000's ghost and a kobold.

Vanquished Creatures
  2 adders (D:2)
  An ooze (D:1)
  A worm (D:2)
  3 dart slugs (D:1)
  2 giant geckos (D:1)
  9 bats
  A giant cockroach (D:1)
  4 goblins (D:1)
  7 hobgoblins
  A ball python (D:2)
  5 giant newts
  3 kobolds
  3 rats
42 creatures vanquished.

Notes
Turn   | Place    | Note
--------------------------------------------------------------
     0 | D:1      | tevo3000 the Demonspawn Fighter began the quest for the Orb.
     0 | D:1      | Reached XP level 1. HP: 18/18 MP: 1/1
    77 | D:1      | Gained mutation: When hurt, damage is shared between your health and your magic reserves. [demonic ancestry]
    77 | D:1      | Reached XP level 2. HP: 18/24 MP: 2/2
   424 | D:1      | Gained mutation: You are slightly more attuned to the shadows. [demonic ancestry]
   424 | D:1      | Reached XP level 3. HP: 29/29 MP: 3/3
   970 | D:2      | Reached XP level 4. HP: 33/35 MP: 4/4
  1160 | D:3      | Noticed tevo3000's ghost (amateur GrFi)
  1173 | D:3      | Slain by tevo3000's ghost

Skill      XL: |  1  2 |
---------------+-------+-----
Axes           | 2 3 |  3.9
Fighting       | |  3.0
Armour         | |  2.8
Shields        | |  2.6

Action                   |  1- 3 |  4- 6 || total
-------------------------+-------+-------++-------
Melee: War axe           |   105 |    20 ||   125
  Use: Potion            |       |     3 ||     3
Armor: Scale mail        |    81 |     7 ||    88
Dodge: Dodged            |    39 |    17 ||    56
Block: Shield            |    64 |    15 ||    79
